Map: Neon Violet Square LE

Players

Lambo - Winner!

  • Race: Zerg Zerg
  • League: Grandmaster
  • Spawn Location: 11:00

LiquidMaNa (MaNa)

  • Race: Protoss Protoss
  • League: Master
  • Spawn Location: 5:00

Event: HomeStory Cup XVI

VOD

Have the link to the VOD?

Description

Time

  • Played on: Nov. 9, 2017, 12:47 p.m.
  • Length: 15:54

All games in this series

Show
View Real Time Build Order
Export as new Build Order

Lambo Zerg - Winner!

Build Orders: Hatch First 

Get SALT Encoding   

  12  0:00  Drone  
  13  0:13  Overlord  
  13  0:17  Drone  
  14  0:31  Drone  
  14  0:32  Drone  
  16  0:35  Drone  
  17  0:52  Hatchery  
  17  0:56  Drone  
  17  0:58  Drone  
  18  1:11  Extractor  
  17  1:14  Spawning Pool  
  17  1:17  Drone  
  17  1:20  Drone  
  18  1:28  Drone  
  19  1:39  Overlord  
  19  1:49  Drone  
  20  2:01  Queen  
  20  2:02  Zergling x2  
  20  2:03  Queen  
  20  2:04  Zergling x2  
  26  2:10  Metabolic Boost  
  26  2:11  Drone  
  26  2:14  Drone  
  28  2:22  Drone  
  29  2:29  Zergling x2  
  30  2:34  Zergling x2  
  31  2:37  Zergling x2  
  32  2:44  Hatchery  
  32  2:46  Zergling x2  
  31  2:55  Drone x2  
  30  2:58  Drone  
  31  3:07  Queen  
  31  3:08  Drone  
  34  3:15  Overlord, Drone  
  34  3:18  Drone  
  35  3:34  Drone x3  
  35  3:35  Drone x3  
  43  3:45  Drone x2  
  43  3:46  Overlord  
  43  3:55  Queen  
  43  3:56  Drone  
  43  3:59  Drone x3  
  49  4:03  Spore Crawler x2, Drone  
  49  4:05  Drone  
  49  4:08  Drone  
  50  4:12  Drone  
  50  4:16  Drone x4  
  55  4:22  Evolution Chamber  
  55  4:23  Spore Crawler  
  53  4:26  Drone x3  
  56  4:35  Overlord  
  56  4:38  Drone  
  57  4:40  Overlord  
  57  4:42  Overlord  
  57  4:44  Drone  
  57  4:46  Overlord  
  57  4:52  Queen  
  57  4:54  Drone x3  
  57  4:56  Lair  
  57  4:59  Extractor, Drone x2  
  63  5:00  Drone  
  63  5:02  Drone  
  65  5:07  Drone x3  
  65  5:08  Drone  
  65  5:10  Drone x2  
  65  5:13  Queen  
  71  5:17  Baneling Nest  
  71  5:21  Drone x3  
  73  5:25  Overlord  
  73  5:27  Extractor  
  73  5:28  Extractor, Drone x3  
  75  5:29  Extractor  
  75  5:30  Queen  
  75  5:33  Drone  
  75  5:34  Drone  
  77  5:39  Drone x3  
  77  5:40  Drone x2  
  81  5:45  Drone x4  
  81  5:46  Drone  
  84  5:55  Zerg Missile Weapons Level 1, Hatchery  
  83  5:58  Extractor  
  83  6:02  Overseer  
  83  6:03  Hydralisk Den, Drone  
  83  6:04  Drone  
  83  6:07  Zergling x4  
  83  6:08  Zergling x4  
  83  6:09  Overlord  
  86  6:18  Drone  
  86  6:24  Overlord x2  
  87  6:26  Overlord x2  
  87  6:31  Spore Crawler x2  
  85  6:33  Spore Crawler x2  
  85  6:35  Spore Crawler x2, Muscular Augments, Hydralisk  
  85  6:36  Infestation Pit  
  85  6:37  Drone x2  
  84  6:40  Spore Crawler  
  84  6:44  Spore Crawler  
  84  6:45  Drone x2  
  84  6:46  Drone  
  84  6:47  Drone  
  86  6:48  Drone  
  86  6:51  Queen  
  89  6:55  Drone  
  89  6:56  Drone  
  91  7:08  Drone x4  
  91  7:12  Pathogen Glands  
  91  7:15  Drone x8  
  97  7:16  Drone  
  97  7:22  Spore Crawler, Overlord  
  99  7:23  Pneumatized Carapace  
  99  7:26  Spore Crawler  
  99  7:29  Queen  
  100  7:32  Extractor  
  95  7:39  Drone x3  
  95  7:45  Hydralisk x5  
  105  7:52  Extractor  
  105  7:56  Infestor  
  105  7:57  Infestor x5  
  116  7:59  Burrow  
  116  8:00  Queen  
  116  8:02  Overlord  
  118  8:13  Overlord  
  118  8:14  Overlord x2  
  118  8:15  Overlord x2  
  118  8:16  Overlord  
  118  8:19  Queen  
  120  8:21  Infestor  
  120  8:22  Hatchery  
  120  8:25  Zerg Missile Weapons Level 2  
  121  8:28  Evolution Chamber, Drone x2  
  121  8:30  Infestor  
  121  8:32  Hydralisk  
  126  8:38  Hydralisk x3  
  132  8:44  Overlord x2, Hydralisk  
  134  8:51  Drone x4  
  137  8:58  Hydralisk x3  
  137  8:59  Hydralisk  
  144  9:03  Extractor x2  
  142  9:11  Hive  
  142  9:12  Spore Crawler x2  
  142  9:13  Spore Crawler x2  
  142  9:15  Infestor x2  
  142  9:24  Overseer  
  142  9:26  Drone x4  
  142  9:27  Drone x2  
  142  9:28  Spore Crawler  
  142  9:30  Infestor x2  
  142  9:31  Infestor  
  153  9:37  Drone  
  153  9:38  Drone x4  
  157  9:39  Drone x2  
  157  9:45  Zerg Ground Armor Level 1, Infestor  
  162  9:56  Spire  
  162  9:57  Hydralisk  
  163  10:06  Overlord  
  163  10:07  Hydralisk x4  
  163  10:09  Overseer  
  163  10:12  Drone x4  
  175  10:14  Spore Crawler  
  175  10:16  Spore Crawler  
  175  10:17  Spore Crawler  
  175  10:19  Spore Crawler  
  171  10:23  Spore Crawler  
  171  10:25  Drone x3  
  171  10:26  Drone x2  
  175  10:31  Neural Parasite  
  175  10:32  Infestor x3  
  181  10:37  Hatchery  
  181  10:38  Hydralisk x3  
  186  10:46  Overlord x2  
  186  10:58  Extractor  
  186  11:00  Extractor  
  184  11:08  Greater Spire  
  184  11:21  Corruptor x6  
  184  11:22  Corruptor  
  198  11:28  Spine Crawler, Spore Crawler, Drone x2  
  198  11:29  Spine Crawler x2  
  198  11:30  Spine Crawler  
  198  11:32  Overseer  
  195  11:34  Spine Crawler, Overseer x2  
  194  12:12  Spine Crawler x2  
  199  12:30  Brood Lord x4  
  199  12:36  Zerg Flyer Armor Level 1  
  199  12:37  Zerg Ground Armor Level 2  
  199  12:38  Zerg Missile Weapons Level 3, Spire  
  199  12:41  Brood Lord  
  200  12:58  Spore Crawler  
  200  13:00  Spore Crawler x2  
  200  13:01  Spore Crawler  
  200  13:03  Brood Lord x2  
  180  13:54  Hydralisk  
  180  13:55  Hydralisk x10  
  188  14:05  Hydralisk  
  188  14:06  Hydralisk x4  
  196  14:34  Drone x10  
  195  14:39  Corruptor x2  
Show
View Real Time Build Order
Export as new Build Order

LiquidMaNa Protoss 

Build Orders: 1 Gate Expand, Oracle Opening, Carriers 

Get SALT Encoding   

  12  0:02  Probe (Chrono Boost)  
  14  0:14  Probe (Chrono Boost)  
  14  0:20  Pylon  
  14  0:26  Probe (Chrono Boost)  
  15  0:40  Gateway, Probe (Chrono Boost)  
  16  0:46  Assimilator  
  16  0:52  Probe (Chrono Boost)  
  18  1:04  Gateway, Probe (Chrono Boost)  
  18  1:16  Probe (Chrono Boost)  
  19  1:27  Cybernetics Core  
  19  1:42  Nexus  
  19  1:50  Pylon  
  19  1:53  Adept x2  
  19  2:06  Assimilator  
  23  2:12  Probe (Chrono Boost)  
  24  2:20  Adept  
  26  2:23  Adept  
  26  2:29  Probe (Chrono Boost)  
  29  2:37  Warp Gate  
  29  2:41  Probe (Chrono Boost)  
  30  2:45  Pylon  
  30  2:53  Probe (Chrono Boost)  
  30  3:05  Probe (Chrono Boost)  
  30  3:06  Stargate  
  29  3:12  Probe (Chrono Boost)  
  29  3:16  Probe (Chrono Boost)  
  29  3:18  Adept  
  29  3:19  Probe (Chrono Boost)  
  32  3:22  Probe (Chrono Boost)  
  34  3:29  Probe (Chrono Boost)  
  34  3:30  Shield Battery  
  34  3:33  Probe (Chrono Boost)  
  36  3:38  Oracle  
  37  3:43  Probe (Chrono Boost)  
  37  3:45  Probe (Chrono Boost)  
  38  3:55  Probe (Chrono Boost)  
  43  3:57  Probe (Chrono Boost)  
  43  4:05  Oracle  
  43  4:07  Probe (Chrono Boost)  
  43  4:09  Probe (Chrono Boost)  
  45  4:11  Pylon  
  48  4:19  Probe (Chrono Boost)  
  48  4:21  Probe (Chrono Boost)  
  50  4:27  Nexus  
  50  4:31  Shield Battery  
  50  4:34  Probe (Chrono Boost)  
  51  4:38  Assimilator  
  51  4:41  Void Ray  
  51  4:42  Probe (Chrono Boost)  
  51  4:43  Assimilator  
  53  4:46  Probe (Chrono Boost)  
  58  4:54  Probe (Chrono Boost)  
  58  4:58  Probe (Chrono Boost)  
  59  5:01  Pylon  
  60  5:08  Probe (Chrono Boost)  
  60  5:12  Probe (Chrono Boost)  
  61  5:19  Stargate x2  
  61  5:20  Probe (Chrono Boost)  
  62  5:27  Probe (Chrono Boost)  
  62  5:28  Oracle  
  66  5:32  Probe (Chrono Boost)  
  67  5:38  Pylon  
  67  5:39  Probe (Chrono Boost)  
  69  5:44  Probe (Chrono Boost)  
  69  5:47  Probe (Chrono Boost)  
  71  5:51  Probe (Chrono Boost)  
  71  5:52  Pylon  
  71  5:56  Probe (Chrono Boost), Pylon  
  72  5:59  Probe (Chrono Boost)  
  72  6:03  Oracle x2, Probe (Chrono Boost)  
  80  6:06  Oracle  
  80  6:08  Probe (Chrono Boost)  
  80  6:11  Assimilator, Probe (Chrono Boost)  
  85  6:14  Assimilator  
  85  6:17  Probe (Chrono Boost)  
  86  6:20  Gateway, Probe (Chrono Boost)  
  86  6:23  Probe (Chrono Boost)  
  88  6:29  Oracle x2, Probe (Chrono Boost)  
  88  6:32  Probe (Chrono Boost)  
  90  6:35  Oracle, Probe (Chrono Boost)  
  98  6:41  Probe (Chrono Boost)  
  98  6:44  Probe (Chrono Boost)  
  103  6:48  Probe (Chrono Boost)  
  103  6:50  Pylon x2  
  103  6:52  Pylon  
  103  6:53  Probe (Chrono Boost)  
  104  6:56  Probe (Chrono Boost)  
  104  7:00  Probe (Chrono Boost)  
  106  7:05  Probe (Chrono Boost)  
  99  7:09  Probe (Chrono Boost)  
  99  7:10  Oracle  
  99  7:11  Oracle  
  99  7:12  Oracle, Probe (Chrono Boost)  
  109  7:17  Probe (Chrono Boost)  
  109  7:18  Nexus  
  109  7:21  Probe (Chrono Boost)  
  112  7:24  Probe (Chrono Boost)  
  112  7:30  Forge  
  112  7:31  Forge  
  112  7:35  Protoss Ground Weapons Level 1  
  112  7:43  Oracle x2, Probe (Chrono Boost)  
  113  7:46  Oracle  
  109  7:55  Probe x2 (Chrono Boost)  
  109  7:56  Stargate  
  114  8:00  Pylon  
  114  8:07  Protoss Ground Armor Level 1  
  114  8:11  Stalker  
  116  8:19  Probe (Chrono Boost)  
  119  8:20  Assimilator, Probe x2 (Chrono Boost)  
  119  8:22  Oracle x2  
  119  8:25  Assimilator  
  125  8:41  Oracle, Pylon  
  125  8:43  Oracle  
  131  8:53  Pylon  
  132  8:55  Probe (Chrono Boost)  
  132  8:58  Probe (Chrono Boost)  
  132  9:01  Probe (Chrono Boost)  
  134  9:06  Oracle x2  
  131  9:16  Robotics Facility  
  131  9:17  Oracle  
  131  9:19  Twilight Council  
  134  9:26  Fleet Beacon  
  134  9:35  Phoenix  
  134  9:37  Nexus  
  134  9:38  Protoss Air Weapons Level 1  
  136  9:40  Pylon  
  136  9:44  Pylon  
  136  9:46  Charge  
  136  9:49  Carrier  
  136  9:53  Gateway x2  
  136  9:56  Gateway  
  136  9:57  Gateway  
  136  9:58  Gateway  
  136  9:59  Photon Cannon, Carrier  
  136  10:01  Carrier  
  136  10:02  Shield Battery  
  136  10:04  Shield Battery  
  136  10:05  Warp Prism  
  138  10:07  Shield Battery  
  138  10:10  Photon Cannon  
  138  10:11  Photon Cannon  
  156  10:17  Stalker  
  156  10:18  Protoss Ground Weapons Level 2, Protoss Ground Armor Level 2  
  164  10:30  Assimilator  
  164  10:36  Carrier, Assimilator  
  164  10:40  Photon Cannon  
  164  10:42  Photon Cannon  
  164  11:07  Carrier  
  164  11:09  Zealot  
  164  11:10  Zealot x2  
  169  11:13  Protoss Air Weapons Level 2  
  169  11:16  Carrier  
  169  11:18  Nexus  
  175  11:23  Pylon  
  175  11:25  Carrier, Pylon  
  187  11:35  Cybernetics Core  
  187  11:37  Zealot  
  189  11:43  Pylon  
  187  11:57  Stargate  
  187  11:58  Stargate  
  187  12:01  Carrier  
  187  12:02  Protoss Air Armor Level 1, Observer  
  194  12:11  Graviton Catapult  
  200  12:32  Mothership (Chrono Boost)  
  200  12:34  Shield Battery  
  200  12:35  Shield Battery  
  198  12:37  Shield Battery  
  198  12:39  Shield Battery  
  198  12:41  Shield Battery  
  198  12:43  Shield Battery  
  198  12:45  Shield Battery  
  198  12:48  Pylon  
  197  12:57  Protoss Ground Weapons Level 3, Protoss Ground Armor Level 3  
  197  13:00  Pylon  
  197  13:08  Blink  
  197  13:14  Shield Battery  
  197  13:15  Shield Battery  
  197  13:17  Shield Battery  
  197  13:21  Assimilator  
  197  13:25  Assimilator  
  193  13:40  Carrier  
  193  13:41  Carrier  
  193  13:43  Carrier  
  193  13:44  Carrier  
  139  14:10  Carrier  
  133  14:22  Zealot x5  
  133  14:23  Zealot x2  
  139  15:06  Void Ray  
  144  15:08  Void Ray  
  156  15:22  Zealot x4  
Tags
 
Add a new tag
Caveats
  • Supply blocks, unpowered buildings, or Contaminate may cause inaccurate times.
  • Supply counts are checked every 10 seconds.